 Dungeon Crawl Stone Soup version 0.26-a0-651-gb41185065b (webtiles) character file.

Game seed: 14134838725029397675

217108 lorenzova the Sorcerer (level 18, -4/100 HPs)
             Began as a Deep Elf Conjurer on Oct 29, 2020.
             Was the Champion of Vehumet.
             Slain by a white very ugly thing (50 damage)
             ... on level 1 of the Depths on Oct 30, 2020.
             The game lasted 02:29:17 (48134 turns).

lorenzova the Sorcerer (Deep Elf Conjurer)         Turns: 48134, Time: 02:29:18

Health: -4/100     AC: 16    Str:  4    XL:     18   Next: 37%
Magic:  46/46      EV:  9    Int: 32    God:    Vehumet [******]
Gold:   1118       SH:  0    Dex: 13    Spells: 3/61 levels left

rFire    + . .     SeeInvis +   S - staff of air
rCold    . . .     Faith    .   (no shield)
rNeg     . . .     Spirit   .   Q - quicksilver dragon scales
rPois    +         Reflect  .   k - +0 helmet
rElec    +         Harm     .   (no cloak)
rCorr    .         Rampage  .   D - +1 pair of gloves "Zysuwkosit" {SInv}
MR       ++...                  M - +0 pair of boots
Stlth    +.........             V - amulet of Vitality {Regen+ HP+15}
HPRegen  0.66/turn              X - ring of protection from fire
MPRegen  0.30/turn              E - ring of poison resistance

@: no status effects
A: no striking features
}: 1/15 runes: barnacled
a: Renounce Religion


You were on level 1 of the Depths.
You worshipped Vehumet.
Vehumet was exalted by your worship.
You visited 8 branches of the dungeon, and saw 31 of its levels.
You also visited: Sewer and Ice Cave.

You collected 3537 gold pieces.
You spent 2419 gold pieces at shops.

Inventory:

Hand Weapons
 N - a +1 scimitar of flaming
Armour
 j - a +0 leather armour of magic resistance
 k - a +0 helmet (worn)
 m - the +3 leather armour of the Pirate {rF+ Str+3 Dex+3}
   (You bought it in a shop on level 2 of the Orcish Mines)

   It affects your strength (+3).
   It affects your dexterity (+3).
   It protects you from fire.
 x - a +2 ring mail of cold resistance
 D - the +1 pair of gloves "Zysuwkosit" (worn) {SInv}
   (You found it on level 6 of the Dungeon)

   It lets you see invisible.
 F - a +1 robe of positive energy
 M - a +0 pair of boots (worn)
 Q - quicksilver dragon scales (worn)
 R - +1 swamp dragon scales
Magical Staves
 w - an uncursed staff of poison
 J - an uncursed staff of cold
 S - an uncursed staff of air (weapon)
Jewellery
 h - an uncursed ring of flight
 p - a +6 ring of dexterity
 u - an uncursed ring of resist corrosion
 E - a ring of poison resistance (right hand)
 H - a +6 ring of intelligence
 K - an uncursed ring of magical power
 U - an uncursed amulet of magic regeneration
 V - the amulet of Vitality (around neck) {Regen+ HP+15}
   (You found it on level 3 of the Lair of Beasts)

   [amulet of regeneration]

   It affects your health (+15).
   It increases your rate of regeneration.
 X - a ring of protection from fire (left hand)
Wands
 f - a wand of digging (6)
 W - a wand of disintegration (5)
 Z - a wand of acid (12)
Scrolls
 e - 6 scrolls of amnesia
 i - 14 scrolls of teleportation
 r - 5 scrolls of enchant armour
 s - 3 scrolls of magic mapping
 t - 4 scrolls of fear
 v - 9 scrolls of remove curse
 y - 3 scrolls of blinking
 A - 5 scrolls of fog
 L - 2 scrolls of silence
 O - a scroll of identify
 T - a scroll of holy word
Potions
 a - 3 potions of ambrosia
 b - 20 potions of curing
 c - 3 potions of brilliance
 d - 3 potions of magic
 g - 2 potions of berserk rage
 l - 6 potions of flight
 n - 4 potions of cancellation
 o - 5 potions of mutation
 q - 3 potions of resistance
 z - 3 potions of invisibility
 C - 4 potions of haste
 G - 9 potions of heal wounds
 Y - 2 potions of lignification


   Skills:
 + Level 6.3 Armour
 - Level 2.4 Dodging
 - Level 2.4 Stealth
 * Level 22.2 Spellcasting
 * Level 19.6 Conjurations
 - Level 9.0 Hexes
 - Level 6.0 Translocations
 * Level 17.0 Fire Magic
 * Level 8.3 Air Magic


You had 3 spell levels left.
You knew the following spells:

 Your Spells              Type           Power        Failure   Level
a - Magic Dart            Conj           ####         0%          1
b - Iskenderun's Battles  Conj           ########     1%          5
c - Iskenderun's Mystic   Conj/Tloc      #######.     1%          4
d - Fulminant Prism       Conj/Hex       #######...   1%          4
e - Chain Lightning       Conj/Air       ########..   22%         8
f - Fireball              Conj/Fire      ########..   1%          5
g - Bolt of Magma         Conj/Fire/Erth #######...   1%          5
h - Searing Ray           Conj           ######       0%          2
i - Ignition              Fire           #######...   7%          8
j - Swiftness             Air            #######.     1%          2
l - Lightning Bolt        Conj/Air       ########..   1%          5
p - Blink                 Tloc           N/A          1%          2
s - Sticky Flame          Conj/Fire      ########     0%          4
x - Conjure Flame         Conj/Fire      ########     0%          3

Your spell library contained the following spells:

 Spells                   Type           Power        Failure   Level
 Fire Storm               Conj/Fire      ########..   47%         9
 Lehudib's Crystal Spear  Conj/Erth      #######...   71%         8
 Absolute Zero            Ice            #####.....   100%        9
 Foxfire                  Conj/Fire      ####         0%          1
 Shock                    Conj/Air       ####         0%          1
 Freeze                   Ice            ####         1%          1
 Sandblast                Erth           #####.       1%          1
 Poisonous Vapours        Pois/Air       ######       1%          2
 Slow                     Hex            #######.     1%          2
 Confusing Touch          Hex            #######.     1%          3
 Dazzling Flash           Conj/Hex       ######       1%          3
 Gell's Gravitas          Tloc           ######....   1%          3
 Ignite Poison            Fire/Tmut/Pois ######..     1%          3
 Mephitic Cloud           Conj/Pois/Air  #######.     1%          3
 Static Discharge         Conj/Air       ########     1%          3
 Stone Arrow              Conj/Erth      ######       1%          3
 Frozen Ramparts          Ice            #####.       3%          3
 Animate Skeleton         Necr           #####.       4%          1
 Beastly Appendage        Tmut           #####.       4%          1
 Pain                     Necr           ####         4%          1
 Call Imp                 Summ           #####...     6%          2
 Passwall                 Tmut/Erth      #####...     6%          2
 Wereblood                Tmut           #####...     6%          2
 Ozocubu's Armour         Ice            #####...     12%         3
 Spider Form              Tmut/Pois      #####.....   12%         3
 Vampiric Draining        Necr           #####.....   12%         3
 Airstrike                Air            #######...   1%          4
 Hailstorm                Conj/Ice       #######.     1%          4
 Conjure Ball Lightning   Conj/Air       ########..   1%          6
 Starburst                Conj/Fire      ########..   1%          6
 Silence                  Hex/Air        #######...   3%          5
 Freezing Cloud           Conj/Ice/Air   #######...   4%          6
 Yara's Violent Unravell  Hex/Tmut       ######....   5%          5
 Summon Lightning Spire   Summ/Air       #######.     8%          4
 Metabolic Englaciation   Hex/Ice        ######....   19%         5
 Summon Mana Viper        Hex/Summ       ######..     19%         5
 Lee's Rapid Deconstruct  Erth           #####.....   28%         5
 Summon Forest            Summ/Tloc      ######....   32%         5
 Animate Dead             Necr           #####.....   38%         4
 Ice Form                 Ice/Tmut       #####...     38%         4
 Petrify                  Tmut/Erth      #####...     38%         4
 Summon Ice Beast         Ice/Summ       #####...     38%         4
 Agony                    Necr           #####...     75%         5
 Blade Hands              Tmut           #####.....   75%         5
 Summon Demon             Summ           #####.....   75%         5
 Shadow Creatures         Summ           N/A          99%         6
 Summon Hydra             Summ           #####.....   100%        7
 Shatter                  Erth           #####.....   100%        9
 Tornado                  Air            #######...   100%        9


Dungeon Overview and Level Annotations

Branches:
Dungeon (15/15)            Temple (1/1) D:6            Lair (6/6) D:11
 Shoals (4/4) Lair:4        Snake (1/4) Lair:3        Slime (0/5) Lair:6
    Orc (2/2) D:9             Elf (1/3) Orc:2        Vaults (0/5) D:14
 Depths (1/5) D:15          Sewer (visited)           IceCv (visited)

Altars:
Ashenzari
Cheibriados
Dithmenos
Elyvilon
Fedhas
Gozag
Hepliaklqana
Kikubaaqudgha
Makhleb
Nemelex Xobeh
Okawaru
Qazlal
Ru
Sif Muna
Trog
Uskayaw
Vehumet
Wu Jian
Xom
Yredelemnul
Zin
The Shining One
Beogh

Shops:
D:9 *   D:13 *   D:14 }   Orc:2 :*[(!   Shoals:1 *

Portals:
Abyss: Shoals:2 Depths:1

Annotations:
Shoals:1 2 transporters
Shoals:2 2 transporters, p0werm0de's ghost, journeyman MiFi
Shoals:3 exclusion: downstairs
Snake:1 Azrael


Message History

There is an open door here.
There is a stone staircase leading down here.
You climb downwards.
There is a stone staircase leading up here.
There is a stone staircase leading down here.
You climb downwards.
There is a stone staircase leading up here.
You see here an arrow.
Items here: (( )))) ? [.
There is a staircase to the Depths here.
You climb downwards.
Welcome back to the Depths!
A brown ugly thing comes into view.
The white very ugly thing gurgles horribly!
The purple ugly thing basks in the mutagenic energy from its kin and changes!
The ettin hits you with a +0 dire flail!!
The ettin hits you with a +0 dire flail!
The white very ugly thing tentacle-slaps you!
The white very ugly thing freezes you!!!
Ouch! That really hurt!
You die...

###### ....#
...# #..# #..#
#..###########
#....@C.......
#....uu)......
#.[uu..[.L....
#...(.........
?.[...[###÷....
##......# .∩[..
##[.().# ....
...).... ...
##..?.. ...


You could see a white very ugly thing, a lich, 3 ugly things and an ettin.

Vanquished Creatures
  Nikola (Shoals:3)
  Jorgrun (D:12)
  Rupert (D:13)
  Frances (D:14)
  Polyphemus (Shoals:2)
  Agnes (D:14)
  A frost giant (Shoals:4)
  A deep elf elementalist (Elf:1)
  An orc warlord (Orc:2)
  A stone giant (Orc:1)
  A deep elf demonologist (Elf:1)
  Snorg (D:14)
  2 ettins
  8 merfolk impalers
  4 merfolk javelineers
  A fire dragon (Depths:1)
  A rakshasa (Depths:1)
  The ghost of Hykosis the Harbinger of Death, a journeyman MiFi of Yredelemnul (Lair:3)
  Harold (D:11)
  2 great orbs of eyes (Depths:1)
  7 hydras
  2 yaktaur captains
  4 vault guards (D:14)
  3 ice dragons
  A naga warrior (Lair:3)
  4 merfolk aquamancers
  An anaconda (Lair:6)
  3 merfolk avatars
  6 centaur warriors
  7 two-headed ogres
  2 death knights
  3 catoblepae
  3 dancing weapons (Elf:1)
  2 alligator snapping turtles
  12 death yaks
  The ghost of Asymodius the Carver, a novice MiFi of Okawaru (D:11)
  An ogre mage (Depths:1)
  A tengu warrior (Depths:1)
  An orc high priest (Orc:2)
  2 satyrs
  2 deep troll earth magi (Depths:1)
  A naga sharpshooter (Lair:3)
  Urug (Lair:2)
  Sonja (Orc:2)
  A deep elf knight (Elf:1)
  Nergalle (Orc:2)
  4 deep trolls
  4 skeletal warriors (D:15)
  18 sea snakes
  A flayed ghost (Depths:1)
  An unseen horror (D:14)
  17 harpies
  5 orc knights
  2 mana vipers (Snake:1)
  A wolf spider zombie (D:14)
  A lindwurm (Lair:6)
  2 phantasmal warriors
  20 deep elf magi
  A necromancer (D:15)
  3 orc sorcerers (Orc:2)
  4 oklob plants (Lair:2)
  19 ugly things
  8 cyclopes
  16 manticores
  9 fauns
  11 merfolk sirens
  6 black mambas
  3 ice statues (IceCv)
  13 elephants
  10 water nymphs
  An elf skeleton (D:15)
  5 torpor snails (Lair:6)
  2 gargoyles
  6 cane toads
  3 rime drakes
  3 yaktaurs
  10 komodo dragons
  A harpy zombie (D:15)
  40 merfolk
  A troll (shapeshifter) (D:14)
  5 trolls
  3 meliai (D:15)
  18 blink frogs
  10 polar bears
  11 wind drakes
  10 hornets
  7 dream sheep
  4 tyrant leeches (Lair:6)
  A raiju (Lair:6)
  9 slime creatures
  A meliai zombie (D:12)
  11 snapping turtles
  An ettin zombie (D:15)
  19 hippogriffs
  A deep troll skeleton (D:15)
  8 wraiths
  9 water elementals
  2 wyverns
  3 shadows
  7 basilisks
  54 yaks
  4 fire elementals
  9 vampire mosquitoes
  8 wargs
  An acid dragon (shapeshifter) (D:13)
  An acid dragon (D:14)
  6 nagas
  18 water moccasins
  7 porcupines
  A hornet zombie (D:14)
  17 hell hounds
  9 ice beasts
  29 orc warriors
  6 sky beasts
  A necrophage (D:11)
  2 phantoms
  11 black bears (Lair:6)
  7 ogres
  31 wolves
  12 centaurs
  10 big kobolds
  5 crocodiles
  12 bullfrogs
  A wyvern zombie (D:13)
  A yaktaur zombie (D:15)
  A wyvern skeleton (D:15)
  5 scorpions
  4 killer bees (D:10)
  7 wights
  An electric eel (D:10)
  4 howler monkeys
  A bullfrog zombie (D:5)
  3 centaur zombies
  A quasit (D:11)
  4 jellies
  10 orc priests
  2 bullfrog skeletons
  9 hounds
  29 orc wizards
  8 centaur skeletons
  Jessica (D:3)
  Natasha (thrice) (D:3)
  An iguana (D:9)
  7 hell rats (Lair:3)
  9 worker ants
  3 hound skeletons
  A worker ant zombie (D:5)
  A gnoll (D:4)
  A howler monkey skeleton (D:5)
  11 adders
  2 river rats (Sewer)
  A shadow imp (D:7)
  16 white imps
  3 oozes
  2 adder zombies (D:7)
  7 worms
  2 dart slugs
  5 leopard geckos
  68 orcs
  3 ball pythons
  8 bats
  12 giant cockroaches
  7 hobgoblins
  21 jackals
  6 quokkas
  5 frilled lizards
  9 goblins
  A jackal skeleton (D:7)
  29 kobolds
  A leopard gecko zombie (D:7)
  A quokka skeleton (D:8)
  15 rats
1110 creatures vanquished.

Vanquished Creatures (others)
  340 fulminant prisms
  42 fungi
  216 plants
  15 withered plants (D:15)
613 creatures vanquished.

Grand Total: 1723 creatures vanquished

Notes
Turn   | Place    | Note
-------+----------+-------------------------------------------
     0 | D:1      | lorenzova the Deep Elf Conjurer began the quest for the
                  | Orb.
     0 | D:1      | Reached XP level 1. HP: 10/10 MP: 6/6
   157 | D:1      | Reached XP level 2. HP: 15/15 MP: 3/8
   336 | D:1      | Learned a level 2 spell: Searing Ray
   935 | D:1      | Reached skill level 4 in Spellcasting
  1141 | D:2      | Reached skill level 5 in Conjurations
  1141 | D:2      | Reached XP level 3. HP: 19/19 MP: 6/10
  1654 | D:2      | Reached XP level 4. HP: 24/24 MP: 10/12
  1814 | D:2      | Reached skill level 5 in Spellcasting
  2152 | D:3      | Reached XP level 5. HP: 23/28 MP: 8/14
  2310 | D:3      | Found a hazy altar of Hepliaklqana.
  2456 | D:3      | Noticed Natasha
  2462 | D:3      | Killed Natasha
  2486 | D:3      | Noticed Natasha
  2493 | D:3      | Killed Natasha
  2493 | D:3      | Reached skill level 6 in Spellcasting
  2549 | D:3      | Found a glowing drain.
  2586 | Sewer    | Entered a sewer
  2859 | Sewer    | Reached XP level 6. HP: 29/32 MP: 7/17
  2955 | Sewer    | Reached skill level 7 in Spellcasting
  3253 | Sewer    | Reached XP level 7. HP: 36/36 MP: 13/20
  3551 | Sewer    | Reached skill level 8 in Spellcasting
  3983 | D:3      | Noticed Natasha
  3998 | D:3      | Killed Natasha
  4072 | D:3      | Noticed Jessica
  4077 | D:3      | Killed Jessica
  5095 | D:4      | Found an iron altar of Okawaru.
  5502 | D:5      | Entered Level 5 of the Dungeon
  5509 | D:5      | Reached skill level 9 in Spellcasting
  5509 | D:5      | Reached XP level 8. HP: 41/41 MP: 16/23
  5515 | D:5      | Learned a level 4 spell: Iskenderun's Mystic Blast
  5520 | D:5      | Learned a level 4 spell: Fulminant Prism
  5769 | D:5      | Reached skill level 1 in Hexes
  6050 | D:5      | Found an opulent altar of Gozag.
  6058 | D:5      | Reached skill level 1 in Translocations
  6293 | D:5      | Found a shimmering blue altar of Sif Muna.
  7184 | D:6      | Got a pair of masterwork gloves
  7195 | D:6      | Identified the +1 pair of gloves "Zysuwkosit" {SInv} (You
                  | found it on level 6 of the Dungeon)
  7227 | D:6      | Found a staircase to the Ecumenical Temple.
  7261 | Temple   | Entered the Ecumenical Temple
  7364 | Temple   | Became a worshipper of Vehumet
  7609 | D:6      | Reached skill level 10 in Spellcasting
  7743 | D:6      | Found a bloodstained altar of Trog.
  8316 | D:7      | Reached XP level 9. HP: 20/45 MP: 10/25
  8642 | D:7      | Reached * piety under Vehumet
  8642 | D:7      | Offered knowledge of Shock by Vehumet.
  8769 | D:7      | Reached skill level 11 in Spellcasting
  9122 | D:8      | Noticed a two-headed ogre
  9130 | D:8      | Killed a two-headed ogre
  9130 | D:8      | Reached skill level 10 in Conjurations
  9379 | D:8      | Reached skill level 5 in Hexes
  9765 | D:8      | Found a snail-covered altar of Cheibriados.
  9811 | D:8      | Found a stormy altar of Qazlal.
 10284 | D:9      | Noticed a troll
 10487 | D:9      | Found Himicutun's Island Escapes.
 10540 | D:9      | Bought a scroll of blinking for 120 gold pieces
 10592 | D:9      | Reached skill level 12 in Spellcasting
 10721 | D:9      | Reached XP level 10. HP: 35/50 MP: 26/28
 10827 | D:9      | Found an iron altar of Okawaru.
 11052 | D:9      | Found a staircase to the Orcish Mines.
 11219 | D:9      | Reached skill level 5 in Translocations
 11942 | D:10     | Entered Level 10 of the Dungeon
 12117 | D:10     | Paralysed by a hornet for 2 turns
 12121 | D:10     | Reached ** piety under Vehumet
 12233 | D:10     | Offered knowledge of Foxfire by Vehumet.
 12248 | D:10     | Learned a level 1 spell: Foxfire
 12470 | D:10     | Noticed a death yak
 12510 | D:10     | Reached skill level 1 in Fire Magic
 12517 | D:10     | Reached skill level 13 in Spellcasting
 13250 | D:10     | Offered knowledge of Mephitic Cloud by Vehumet.
 13561 | D:10     | Reached XP level 11. HP: 54/54 MP: 17/30
 13646 | D:10     | Killed a death yak
 13862 | D:10     | Reached *** piety under Vehumet
 14440 | D:11     | Found a runed translucent gate.
 14440 | D:11     | Found a runed translucent gate.
 14440 | D:11     | Found a runed translucent gate.
 14440 | D:11     | Noticed a yaktaur captain
 14443 | D:11     | Noticed Asymodius's ghost (novice MiFi)
 14505 | D:11     | Noticed a green ugly thing
 14619 | D:11     | Noticed a two-headed ogre
 14625 | D:11     | Killed a two-headed ogre
 14625 | D:11     | Reached skill level 5 in Fire Magic
 14635 | D:11     | Reached skill level 14 in Spellcasting
 14637 | D:11     | Noticed a two-headed ogre
 14642 | D:11     | Killed a green ugly thing
 14649 | D:11     | Killed a two-headed ogre
 14892 | D:11     | Offered knowledge of Static Discharge by Vehumet.
 15106 | D:11     | Reached XP level 12. HP: 34/59 MP: 2/32
 15352 | D:11     | Noticed Harold
 15365 | D:11     | Killed Harold
 15491 | D:11     | Found a staircase to the Lair.
 15830 | Lair:1   | Entered Level 1 of the Lair of Beasts
 15934 | Lair:1   | Reached **** piety under Vehumet
 16000 | Lair:1   | Offered knowledge of Conjure Flame by Vehumet.
 16000 | Lair:1   | Reached skill level 15 in Spellcasting
 16082 | Lair:1   | Learned a level 3 spell: Conjure Flame
 17125 | Lair:2   | Noticed Urug
 18118 | Lair:2   | Noticed a six-headed hydra
 18317 | Lair:2   | Killed a six-headed hydra
 18345 | Lair:2   | Killed Urug
 18345 | Lair:2   | Reached skill level 16 in Spellcasting
 18518 | Lair:2   | Got a masterwork hand axe
 18520 | Lair:2   | Identified the +7 hand axe of Generosity {drain, *Drain
                  | Int+2 Dex+3} (You found it on level 2 of the Lair of
                  | Beasts)
 18777 | Lair:3   | Reached XP level 13. HP: 49/63 MP: 21/35
 18871 | Lair:3   | Found a runed translucent door.
 18887 | Lair:3   | Noticed Hykosis's ghost (journeyman MiFi)
 18909 | Lair:3   | Reached ***** piety under Vehumet
 18971 | Lair:3   | Found the amulet of Vitality {Regen+ HP+15}
 18971 | Lair:3   | Offered knowledge of Bolt of Magma by Vehumet.
 19192 | Lair:3   | Reached skill level 10 in Fire Magic
 19581 | Lair:3   | Found a staircase to the Snake Pit.
 20242 | Lair:3   | Learned a level 5 spell: Bolt of Magma
 20434 | Lair:4   | Reached skill level 15 in Conjurations
 20437 | Lair:4   | Reached skill level 17 in Spellcasting
 21007 | Lair:4   | Found a staircase to the Shoals.
 22467 | Lair:6   | Entered Level 6 of the Lair of Beasts
 22913 | Lair:6   | Reached XP level 14. HP: 68/68 MP: 19/37
 23459 | Lair:6   | Offered knowledge of Sticky Flame by Vehumet.
 23481 | Lair:6   | Learned a level 4 spell: Sticky Flame
 23769 | Lair:6   | Reached skill level 18 in Spellcasting
 24733 | Lair:6   | Found a runed translucent door.
 25095 | Lair:6   | Found a staircase to the Slime Pits.
 26248 | Orc:1    | Entered Level 1 of the Orcish Mines
 26249 | Orc:1    | Noticed a stone giant
 26262 | Orc:1    | Killed a stone giant
 26545 | Orc:2    | Entered Level 2 of the Orcish Mines
 26545 | Orc:2    | Noticed Sonja
 26546 | Orc:2    | Killed Sonja
 26623 | Orc:2    | Offered knowledge of Ozocubu's Refrigeration by Vehumet.
 27236 | Orc:2    | Noticed Nergalle
 27242 | Orc:2    | Killed Nergalle
 27242 | Orc:2    | Reached skill level 19 in Spellcasting
 27244 | Orc:2    | Noticed an orc warlord
 27263 | Orc:2    | Killed an orc warlord
 27400 | Orc:2    | Reached XP level 15. HP: 72/72 MP: 21/40
 27619 | Orc:2    | Found a roughly hewn altar of Beogh.
 27649 | Orc:2    | Found Tietodaf's Book Shop.
 27734 | Orc:2    | Found Enohaef's General Store.
 27794 | Orc:2    | Found a staircase to the Elven Halls.
 28036 | Orc:2    | Found Ihokot's Distillery.
 28082 | Orc:2    | Found Telivy's Antique Weapon Shop.
 28097 | Orc:2    | Found Biazeub's Antique Armour Shop.
 28104 | Orc:2    | Bought a translucent ring mail for 252 gold pieces
 28115 | Orc:2    | Identified the +4 ring mail of Privacy {Int+2} (You bought
                  | it in a shop on level 2 of the Orcish Mines)
 28126 | Orc:2    | Bought an ichor-stained leather armour for 196 gold pieces
 28137 | Orc:2    | Identified the +3 leather armour of the Pirate {rF+ Str+3
                  | Dex+3} (You bought it in a shop on level 2 of the Orcish
                  | Mines)
 28198 | Orc:2    | Bought a book of Fire for 1105 gold pieces
 28205 | Orc:2    | Learned a level 5 spell: Fireball
 28214 | Orc:2    | Learned a level 8 spell: Ignition
 28875 | Orc:2    | Bought a potion of heal wounds for 85 gold pieces
 28875 | Orc:2    | Bought 2 potions of magic for 272 gold pieces
 28904 | Orc:2    | Bought a scroll of identify for 20 gold pieces
 29064 | D:9      | Bought a scroll of blinking for 120 gold pieces
 29064 | D:9      | Bought 2 scrolls of teleportation for 96 gold pieces
 29188 | Orc:2    | Bought a potion of curing for 51 gold pieces
 29188 | Orc:2    | Bought a potion of curing for 51 gold pieces
 29188 | Orc:2    | Bought a potion of curing for 51 gold pieces
 29193 | Orc:2    | Learned a level 2 spell: Blink
 29254 | Elf:1    | Entered Level 1 of the Elven Halls
 29454 | Elf:1    | Noticed a Hell Sentinel
 29686 | Elf:1    | Identified the Catalogue of Summoning
 29781 | Elf:1    | Reached skill level 1 in Armour
 29887 | Elf:1    | Offered knowledge of Conjure Ball Lightning by Vehumet.
 31251 | Snake:1  | Entered Level 1 of the Snake Pit
 31730 | D:12     | Noticed Jorgrun
 31734 | D:12     | Killed Jorgrun
 33217 | D:13     | Noticed Rupert
 33227 | D:13     | Offered knowledge of Iskenderun's Battlesphere by Vehumet.
 33352 | D:13     | Killed Rupert
 33352 | D:13     | Reached skill level 20 in Spellcasting
 33507 | D:13     | Found Unwy's General Store.
 33986 | D:14     | Learned a level 5 spell: Iskenderun's Battlesphere
 34169 | D:14     | Reached XP level 16. HP: 76/76 MP: 42/42
 34639 | D:14     | Noticed Frances
 34644 | D:14     | Killed Frances
 34894 | D:14     | Reached skill level 15 in Fire Magic
 34923 | D:14     | Found Ukhaun's Gadget Shop.
 34997 | D:14     | Found a gate to the Vaults.
 35237 | D:14     | Noticed Snorg
 35241 | D:14     | Killed Snorg
 35811 | D:14     | Noticed Agnes
 35816 | D:14     | Killed Agnes
 36015 | D:14     | Learned a level 5 spell: Lightning Bolt
 36018 | D:14     | Learned a level 2 spell: Swiftness
 36054 | D:15     | Entered Level 15 of the Dungeon
 36054 | D:15     | Found a radiant altar of Vehumet.
 36161 | D:15     | Found a frozen archway.
 36162 | D:15     | Offered knowledge of Iron Shot by Vehumet.
 36230 | IceCv    | Entered an ice cave
 36289 | IceCv    | Reached skill level 1 in Air Magic
 36871 | D:15     | Found a staircase to the Depths.
 37625 | Depths:1 | Entered Level 1 of the Depths
 37625 | Depths:1 | Found a one-way gate to the infinite horrors of the Abyss.
 37789 | Depths:1 | Reached skill level 21 in Spellcasting
 38149 | Depths:1 | Noticed a lich
 38453 | Snake:1  | Noticed Azrael
 38580 | Shoals:1 | Entered Level 1 of the Shoals
 38580 | Shoals:1 | Found a transporter.
 38585 | Shoals:1 | Reached XP level 17. HP: 80/80 MP: 39/44
 38817 | Shoals:1 | Found Bueppaev's General Store.
 38937 | Shoals:1 | Reached skill level 5 in Air Magic
 39166 | Shoals:1 | Offered knowledge of Chain Lightning by Vehumet.
 39166 | Shoals:1 | Reached skill level 5 in Armour
 39281 | Shoals:1 | Found a transporter.
 39459 | Shoals:1 | Learned a level 8 spell: Chain Lightning
 40102 | Lair:3   | Killed Hykosis's ghost
 40590 | Shoals:2 | Noticed Polyphemus
 40736 | Shoals:2 | Killed Polyphemus
 40905 | Shoals:2 | Found a transporter.
 40926 | Shoals:2 | Found a transporter.
 40947 | Shoals:2 | Noticed p0werm0de's ghost (journeyman MiFi)
 41192 | Shoals:2 | Noticed a hellephant
 41451 | Shoals:2 | Identified the +5 trident "Jumaesha" {distort, +Blink Str+4
                  | Int+3}
 43678 | Shoals:3 | Noticed Nikola
 43685 | Shoals:3 | Killed Nikola
 44219 | Shoals:4 | Entered Level 4 of the Shoals
 44960 | Shoals:4 | Reached ****** piety under Vehumet
 44962 | Shoals:4 | HP: 3/95 [frost giant/bolt of cold (53)]
 45332 | Shoals:4 | Reached XP level 18. HP: 85/85 MP: 38/45
 45649 | Shoals:4 | Reached skill level 22 in Spellcasting
 45689 | Shoals:4 | Offered knowledge of Lehudib's Crystal Spear by Vehumet.
 45689 | Shoals:4 | Offered knowledge of Fire Storm by Vehumet.
 45689 | Shoals:4 | Offered knowledge of Absolute Zero by Vehumet.
 46006 | Shoals:4 | Got a barnacled rune of Zot
 46266 | Shoals:4 | Got a polished cloak
 46267 | Shoals:4 | Identified the +2 cloak of the Clam {Rampage *Corrode rC+}
                  | (You found it on level 4 of the Shoals)
 47979 | D:11     | Killed Asymodius's ghost
 48134 | Depths:1 | Slain by a white very ugly thing

Illustrated notes

Levels and vault maps discovered:
D:1:      dpeg_arrival_arbitrary_b, layout_rooms
D:2:      layout_rooms, hangedman_decor_growths
D:3:      layout_rooms, lemuel_round_altar, gup_sewer_entry_bubbles,
          serial_bayou, serial_bayou_pond_b, serial_bayou_ford_a,
          serial_bayou_crossing, serial_bayou_shore_a, hangedman_decor_points,
          uniq_jessica, uniq_natasha
D:4:      minmay_door_path, layout_basic, kennysheep_okawaru_gauntlet
D:5:      layout_basic, marbit_many_paths, nicolae_gozag_seed_capital
D:6:      layout_gridville, lemuel_round_altar, temple_hall
D:7:      layout_loops_ring, grunt_ministairs_7
D:8:      layout_rooms, nicolae_overflow_crystal_walls,
          nicolae_qazlal_general_emergency, hex_tiny
D:9:      layout_loops_ring, david_orc_1_choice, basic_altar,
          nicolae_island_escapes
D:10:     argonaut_augean_stables, layout_layer_cave
D:11:     layout_rooms, david_lair_generic, gammafunk_ghost_split, uniq_harold
D:12:     layout_grid_maze, uniq_jorgrun
D:13:     layout_roguey, serial_shops, shop, serial_bayou_pond_a, uniq_rupert
D:14:     layout_layer_cave, lightli_vaults_fourway_checkpoint, serial_shops,
          shop, uniq_frances, uniq_agnes, uniq_snorg
D:15:     gammafunk_depths_entry_grave, layout_long_grid, basic_altar,
          portal_ice_cave_entry_imps, dk_noncrumbling_3
Temple:   regret_index_temple_sphere_string
Lair:1:   beast_lair_carwin_large_1, layout_regular_city
Lair:2:   layout_gridlike, patterned_corridor, grunt_megastairs_4,
          minmay_lair_oklob_chamber, uniq_urug
Lair:3:   layout_cave_shapes, minmay_snake_entry_guardpost_medium,
          hellmonk_ghost_happy_afterlife, grunt_megastairs_5
Lair:4:   layout_regular_city, minmay_shoals_entry_hut
Lair:5:   layout_cave_pods
Lair:6:   hangedman_lair_caniforms_friends, layout_loops_ring, wormcave,
          minmay_slime_entry_pillars
Shoals:1: gammafunk_its_a_trap, layout_shoals, serial_shops, nicolae_shop_trees,
          nicolae_shoals_flooded_hall
Shoals:2: layout_shoals, gammafunk_ghost_abyssal_escape, uniq_polyphemus
Shoals:3: layout_shoals, uniq_nikola
Shoals:4: shoals_end_grunt_ice, layout_shoals
Snake:1:  layout_cave_shapes, uniq_azrael
Orc:1:    layout_diamond_mine
Orc:2:    grunt_orc_cross, layout_caves, serial_shops, shop, uniq_sonja
Elf:1:    layout_geoelf_octagon, minmay_elf_demonology,
          serial_sigils_hangedman_snap, grunt_ministairs_3, drop_trap
Depths:1: layout_big_octagon, enter_ziggurat_a,
          muffindrake_ghost_dead_mans_drink, hell_entry, abyss_entry,
          chequers_jeans, minmay_shattered_shrine, uniq_mara

Skill      XL: |  1  2  3  4  5  6  7  8  9 10 11 12 13 14 15 16 17 18 |
---------------+-------------------------------------------------------+-----
Spellcasting   | 4 5 6 7 9 10 12 13 14 16 17 19 20 21 22 | 22.2
Conjurations   | 5 6 7 8 9 10 11 13 14 15 16 17 18 19 | 19.6
Hexes          | 3 5 7 8 9 |  9.0
Translocations | 2 4 5 6 |  6.0
Fire Magic     | 3 6 9 11 13 14 15 16 17 | 17.0
Armour         | 3 4 5 6 |  6.3
Air Magic      | 4 7 8 |  8.3
Dodging        | |  2.4
Stealth        | |  2.4

Action                   |  1- 3 |  4- 6 |  7- 9 | 10-12 | 13-15 | 16-18 || total
-------------------------+-------+-------+-------+-------+-------+-------++-------
Melee: Unarmed           |     4 |     1 |     7 |       |       |       ||    12
       Scimitar          |       |       |       |     5 |       |       ||     5
       Staff             |       |       |       |       |     6 |     3 ||     9
 Cast: Magic Dart        |    82 |    66 |   187 |   104 |    42 |   157 ||   638
       Searing Ray       |     4 |    16 |    62 |    73 |    33 |       ||   188
       Fulminant Prism   |       |       |       |    90 |   198 |    52 ||   340
       Iskenderun's Myst |       |       |       |    63 |    95 |    96 ||   254
       Bolt of Magma     |       |       |       |       |   168 |    60 ||   228
       Sticky Flame      |       |       |       |       |    10 |     2 ||    12
       Fireball          |       |       |       |       |    64 |   195 ||   259
       Conjure Flame     |       |       |       |       |     7 |    18 ||    25
       Iskenderun's Batt |       |       |       |       |       |    85 ||    85
       Lightning Bolt    |       |       |       |       |       |   109 ||   109
       Swiftness         |       |       |       |       |       |    10 ||    10
       Blink             |       |       |       |       |       |     1 ||     1
       Ignition          |       |       |       |       |       |     3 ||     3
       Chain Lightning   |       |       |       |       |       |     2 ||     2
 Abil: Evoke Flight      |       |       |     1 |       |     1 |       ||     2
Evoke: Wand              |       |       |       |       |     4 |       ||     4
  Use: Scroll            |       |     4 |    12 |    12 |    11 |     8 ||    47
       Potion            |       |       |       |       |     1 |     1 ||     2
Armor: Robe              |     1 |     3 |     9 |    14 |       |       ||    27
       Swamp dragon scal |       |       |       |     3 |    41 |    16 ||    60
       Quicksilver drago |       |       |       |       |       |    45 ||    45
       Leather armour    |       |       |       |       |       |     5 ||     5
Dodge: Dodged            |     7 |    11 |    35 |    41 |    43 |    66 ||   203
       Rpst.: Scimitar   |       |       |       |     6 |       |       ||     6

Table legend: (Time is in decaauts)
 A = Elapsed time spent in this place.
 B = Non-inter-level travel time spent in this place.
 C = Inter-level travel time spent in this place.
 D = Time resting spent in this place.
 E = Time spent auto-exploring this place.
 F = Levels seen in this place.
 G = Mean time per level.
                   A        B        C        D        E       F      G
               +--------+--------+--------+--------+--------+-----+--------+
         Total |  48726 |  45467 |   3259 |  20074 |  18297 |  33 | 1476.5 |
       Dungeon |  21790 |  20683 |   1107 |   8185 |   9889 |  15 | 1452.7 |
        Temple |    128 |    103 |     25 |      0 |     98 |   1 |  128.0 |
          Lair |  11395 |  10172 |   1223 |   4255 |   4389 |   6 | 1899.2 |
        Shoals |   8880 |   8442 |    438 |   4949 |   1717 |   4 | 2220.0 |
     Snake Pit |     17 |     17 |      0 |      0 |      0 |   1 |   17.0 |
  Orcish Mines |   2831 |   2437 |    394 |   1173 |    736 |   2 | 1415.5 |
   Elven Halls |   1697 |   1628 |     69 |    649 |    747 |   1 | 1697.0 |
        Depths |    193 |    193 |      0 |    108 |      0 |   1 |  193.0 |
         Sewer |   1504 |   1504 |      0 |    626 |    719 |   1 | 1504.0 |
      Ice Cave |    286 |    286 |      0 |    129 |      0 |   1 |  286.0 |
               +--------+--------+--------+--------+--------+-----+--------+

Top non-repeatable levels by time:
  Lair:6: 3296 daAuts
    D:10: 3029 daAuts
Shoals:3: 2785 daAuts
Shoals:4: 2628 daAuts
     D:9: 2321 daAuts
    D:14: 2195 daAuts
  Lair:3: 2075 daAuts
   Orc:2: 1974 daAuts
Shoals:1: 1854 daAuts
  Lair:2: 1796 daAuts
    D:15: 1717 daAuts
   Elf:1: 1697 daAuts
  Lair:1: 1646 daAuts
Shoals:2: 1612 daAuts
    D:12: 1610 daAuts
